Cogmind - Beta 14 @@@ ROGUE MODE // 2024.12.01 @ 23:43:05 Player: UnderDoug Result: Destroyed by G-34 Mercenary with Small Laser Performance ------------- Evolutions (0) 0 Regions Visited (1) 200 Robots Destroyed (25) 125 Value Destroyed (583) 583 Prototype IDs (2) 40 Alien Tech Used (0) 0 Bonus (0) 0 TOTAL SCORE: 948 Bonus ------- None Cogmind --------- Core Integrity 0/250 Matter 300/300 Energy 100/100 System Corruption 0% Temperature Cool (72) Movement Walking (190) Ox1 Location -10/Materials Parts ------- > --- POWER (1) -------- (None) > --- PROPULSION (2) --- Aluminum Leg Aluminum Leg > --- UTILITY (2) ------ Large Storage Unit Light Armor Plating > --- WEAPON (2) ------- Mining Claw > --- INVENTORY (15) --- Ion Engine Light Ion Engine Light Ion Engine Light Ion Engine Aluminum Leg Aluminum Leg Aluminum Leg Aluminum Leg Aluminum Leg Hacking Suite Light Assault Rifle Grenade Launcher Mining Claw Mining Claw Peak State ------------ > --- POWER ------------ Light Nuclear Core > --- PROPULSION ------- Aluminum Leg Aluminum Leg > --- UTILITY ---------- Small Storage Unit Terrain Scanner > --- WEAPON ----------- Particle Gun Mining Claw > --- INVENTORY -------- Light Ion Engine Light Nuclear Core Aluminum Leg Aluminum Leg Medium Laser Light Assault Rifle Grenade Launcher Mining Claw [Rating: 11] Favorites ----------- Power Light Nuclear Core Engine Light Ion Engine Power Core Light Nuclear Core Propulsion Aluminum Leg Treads Light Treads Leg Aluminum Leg Utility Terrain Scanner Device Terrain Scanner Storage Small Storage Unit Protection Light Armor Plating Weapon Mining Claw Energy Gun Particle Gun Ballistic Gun Light Assault Rifle Slashing Weapon Mining Claw Build | -11 -10 ------- Run | Yrd Mat Slots Evolved . | . . Power . | . . Propulsion . | . . Utility . | . . Weapon . | . . Parts Attached 37 | 8 29 Power 6 | 1 5 Engine 1 | 1 . Core 5 | . 5 Reactor . | . . Propulsion 15 | 4 11 Treads 2 | 2 . Leg 13 | 2 11 Wheel . | . . Hover . | . . Flight . | . . Utility 6 | 1 5 Device 2 | . 2 Storage 3 | 1 2 Processor . | . . Hackware . | . . Protection 1 | . 1 Artifact . | . . Weapon 10 | 2 8 Energy Gun 6 | 1 5 Energy Cannon . | . . Ballistic Gun 1 | 1 . Ballistic Cannon . | . . Launcher . | . . Special Weapon . | . . Impact Weapon . | . . Slashing Weapon 3 | . 3 Piercing Weapon . | . . Special Melee Weapon . | . . Unidentified Prototypes . | . . Parts Lost 6 | . 6 Power 2 | . 2 Propulsion 2 | . 2 Utility 1 | . 1 Weapon 1 | . 1 Highest Loss Streak 3 | . 3 To Critical Strikes . | . . Average Slot Usage (%) 93 | . 93 Core 12 | . 12 Leg 27 | . 27 Device 10 | . 10 Storage 14 | . 14 Energy Gun 13 | . 13 Ballistic Gun 2 | . 2 Slashing Weapon 11 | . 11 Peak Build Rating 11 | 6 11 Average Rating 9 | 3 9 On Entrance 3 | . 6 Naked Turns . | . . Heaviest Build 33 | 10 33 Greatest Support 40 | 40 20 Greatest Overweight (x) 5 | . 5 Average Overweight (x) . | . . Largest Inventory Capacity 15 | 8 15 Average Capacity 10 | 6 10 Most Carried 15 | 6 15 Average Carried 8 | 3 9 Final Capacity 15 | 8 15 Final Carried 14 | 6 14 Class Distribution -------------------- 92% | Mutant 7% | Scavenger-Mutant Dominant Class ---------------- Mutant | -10/Materials Resources | -11 -10 ----------- Run | Yrd Mat Matter Collected 582 | 202 380 Remotely . | . . Salvage Created 967 | . 967 Parts 53 | . 53 Haulers Intercepted . | . . Recyclers Shooed 4 | . 4 Parts Field Recycled . | . . Retrieved Matter . | . . Parts Self-Destructed . | . . Prevented . | . . Kills | -11 -10 ------- Run | Yrd Mat Combat Hostiles Destroyed 14 | . 14 Melee 3 | . 3 Guns 11 | . 11 Classes Destroyed 6 | . 6 Worker 3 | . 3 Builder 3 | . 3 Recycler 3 | . 3 Operator 1 | . 1 Watcher 1 | . 1 Grunt 14 | . 14 Best Kill Streak 6 | . 6 Combat Bots Only 2 | . 2 Max Kills in Single Turn 1 | . 1 Gunslinging . | . . Exploded . | . . Melee 1 | . 1 Uniques/NPCs Destroyed . | . . Combat | -11 -10 -------- Run | Yrd Mat Hostile Shots Fired 98 | . 98 Missed 22 | . 22 Damage Taken 919 | . 919 Core 257 | . 257 Absorbed by Shields . | . . Regen/Repaired (Parts) 40 | . 40 Core Remaining (%) 100 | 100 . Volleys Fired 76 | 1 75 Largest 2 | 2 2 Hottest 85 | 60 85 Shots Fired 93 | 2 91 Gun 93 | 2 91 Cannon . | . . Launcher . | . . Special . | . . Kinetic 17 | 1 16 Thermal 76 | 1 75 Explosive . | . . Electromagnetic . | . . Robot Hit Streak 20 | . 20 Robot Miss Streak 5 | . 5 Penetration Max . | . . Secondary Targets 1 | . 1 Max Gunslinging Chain 1 | . 1 Shots Hit Robots 80 | . 80 Core Hits 33 | . 33 Critical Kills . | . . Critical Parts Destroyed . | . . Critical Strikes 1 | . 1 Burn 1 | . 1 Melee Attacks 16 | . 16 Impact . | . . Slashing 16 | . 16 Piercing . | . . Sneak Attacks 7 | . 7 Combat Hostiles . | . . Follow-up Attacks . | . . Damage Inflicted 1337 | . 1337 Guns 880 | . 880 Cannons . | . . Explosions . | . . Melee 457 | . 457 Ramming . | . . Kinetic 93 | . 93 Thermal 787 | . 787 Explosive . | . . Electromagnetic . | . . Impact . | . . Slashing 457 | . 457 Piercing . | . . Highest Corruption . | . . Average Corruption . | . . Corruption Purged . | . . Corruption Blocked . | . . Overload Shots . | . . Overflow Damage 61 | . 61 Projectiles . | . . Explosions . | . . Melee 61 | . 61 Knockbacks . | . . Impact . | . . Kinetic . | . . Secondary . | . . Self-Inflicted Damage . | . . Shots . | . . Rammed . | . . Targets Rammed . | . . Kicked . | . . Crushed . | . . Highest Temperature 309 | 20 309 Average Temperature 93 | 15 93 Received Heat Transfer 540 | . 540 Effects 1 | . 1 Energy Bleed 1 | . 1 Siege Activations . | . . Robots Corrupted . | . . Combat Hostiles . | . . Parts Fried . | . . Impact Corruptions . | . . Robots Melted . | . . Combat Hostiles . | . . Parts Melted 6 | . 6 Heat Transferred 1904 | . 1904 Parts Sabotaged . | . . Parts Stolen . | . . Parts Stripped . | . . Power Chain Reactions . | . . Alert | -11 -10 ------- Run | Yrd Mat Peak Influence 202 | . 202 Initial . | . . Average 92 | . 100 Maximum Alert Level 1 | . 1 Low Security (%) 99 | 100 99 Level 1 . | . . Level 2 . | . . Level 3 . | . . Level 4 . | . . Level 5 . | . . High Security . | . . Max Security . | . . Squads Dispatched 3 | . 3 Investigation 1 | . 1 Extermination . | . . Reinforcement 2 | . 2 Assault . | . . Garrison . | . . Intercept . | . . Searches Triggered . | . . Construction Impeded . | . . Haulers Reinforced . | . . Active Scanning Responses . | . . Cargo Convoy Interrupts . | . . Stealth | -11 -10 --------- Run | Yrd Mat Distress Signals 1 | . 1 Communications Jammed . | . . Distress Signals . | . . Times Spotted 24 | . 24 Peak Tracking Total 3 | . 3 Tactical Retreats 2 | . 2 Traps | -11 -10 ------- Run | Yrd Mat Traps Triggered 9 | . 9 Indirectly . | . . Trap Hack Attempts . | . . Triggered . | . . Disarmed . | . . Reprogrammed . | . . Reused . | . . Traps Extracted . | . . Installed . | . . Triggered . | . . Machines | -11 -10 ---------- Run | Yrd Mat Machines Disabled . | . . Max in Single Turn . | . . Machines Repaired . | . . Machines Dismantled . | . . Machines Sabotaged . | . . Overloaded Fab Kills . | . . Hacking | -11 -10 --------- Run | Yrd Mat Machines Accessed 3 | . 3 Terminals 2 | . 2 Fabricators . | . . Repair Stations 1 | . 1 Recycling Units . | . . Scanalyzers . | . . Garrison Access . | . . Total Hacks 11 | . 11 Successful 7 | . 7 Failed 4 | . 4 Catastrophic 1 | . 1 Database Lockouts . | . . Manual . | . . Terminals 9 | . 9 Fabricators . | . . Repair Stations 2 | . 2 Recycling Units . | . . Scanalyzers . | . . Garrison Access . | . . Terminal Hacks 5 | . 5 Prototype ID Bank 1 | . 1 Emergency Access Points 1 | . 1 Terminal Index 1 | . 1 Maintenance Status 1 | . 1 Surveillance Status 1 | . 1 Fabricator Hacks . | . . Repair Station Hacks 2 | . 2 Scan Component 1 | . 1 Repair 1 | . 1 Recycling Unit Hacks . | . . Scanalyzer . | . . Garrison Access Hacks . | . . Unauthorized Hacks . | . . Terminals . | . . Fabricators . | . . Repair Stations . | . . Recycling Units . | . . Scanalyzers . | . . Garrison Access . | . . Data Cores Recovered . | . . Used . | . . Hacking Detections 2 | . 2 Full Trace Events . | . . Feedback Events . | . . Feedback Blocked . | . . Robot Schematics Acquired . | . . Robots Built . | . . Authchips . | . . Time . | . . Total Robot Build Rating . | . . Part Schematics Acquired . | . . Parts Built . | . . Authchips . | . . Time . | . . Total Part Build Rating . | . . Parts Repaired 1 | . 1 Time 38 | . 38 Parts Recycled . | . . Recycled Matter . | . . Retrieved Matter . | . . Retrieved Components . | . . Parts Scanalyzed . | . . Part Schematics Acquired . | . . Parts Damaged . | . . Bothacking | -11 -10 ------------ Run | Yrd Mat Used RIF Installer . | . . Robots Hacked . | . . Non-combat . | . . Combat . | . . Robot Hacks Applied . | . . Relay Couplers Released . | . . Fabnet Peak Effective % . | . . Robots Rewired . | . . Allies Hacked . | . . Hacks Repelled . | . . Allies | -11 -10 -------- Run | Yrd Mat Total Allies . | . . Largest Group . | . . Highest-Rated Group . | . . Highest-Rated Ally . | . . Total Orders . | . . Ally Attacks . | . . Total Damage . | . . Kills . | . . Allies Corrupted . | . . Allies Melted . | . . Intel | -11 -10 ------- Run | Yrd Mat Robot Analysis Total . | . . Derelict Logs Recovered . | . . Drone Launches . | . . Drone Recoveries . | . . Exploration | -11 -10 ------------- Run | Yrd Mat Turns Passed 1051 | 84 967 Spaces Moved 539 | 50 489 Core 10 | 7 3 Treads 23 | 23 . Legs 506 | 20 486 Wheels . | . . Hover . | . . Flight . | . . Fastest Speed 50 | 50 100 Average Speed 133 | 128 133 Slowest Speed 330 | 160 330 Overloaded Moves . | . . Propulsion Burnouts . | . . Robots Hopped . | . . Cave-ins Triggered . | . . Exploration Rate (%) 33 | 4 62 Regions Visited 1 Branch Regions . Pre-discovered Areas . | . . Known Exits Taken . | . . Unknown Exits Taken 1 | 1 . Scrap Searched . | . . Spaces Dug . | . . Terrain Destroyed . | . . Melee . | . . Projectile . | . . AOE . | . . Terrain Rammed . | . . Walls Destroyed . | . . Machines Disabled . | . . Actions | -11 -10 --------- Run | Yrd Mat Total 749 | 64 685 Wait 40 | . 40 Move 538 | 49 489 Hop . | . . Pick Up 27 | 6 21 Fast Attach 22 | 6 16 Attach 5 | . 5 Detach . | . . Swap 10 | 2 8 Drop 15 | . 15 Fire 76 | 1 75 Melee 16 | . 16 Ram . | . . Kick . | . . Crush . | . . Escape Stasis . | . . Rewire . | . . Trap . | . . Miscellaneous . | . . Route ------- -11/Scrapyard -10/Materials (discovered 2 exits: [*Mat] / [*Min]) History --------- Turn | Location | Event 9 | -11/Scrapyard | Discovered new exit (range 14) 85 | -11/Scrapyard | Entered Materials 284 | -10/Materials | Discovered new exit (range 8) 318 | -10/Materials | Build established: Mutant 341 | -10/Materials | Discovered new exit (range 11) 828 | -10/Materials | Repaired Lgt. Nuclear Core 871 | -10/Materials | Core integrity fell below 50% 921 | -10/Materials | Lost 3 parts (1p2n) 1001 | -10/Materials | Core integrity fell below 20% 1052 | -10/Materials | Destroyed by G-34 Mercenary with Small Laser Last Messages --------------- Sneak attack on A-02 Transporter. R-06 Scavenger collects Lgt. Ion Engine. R-06 Scavenger collects Aluminum Leg. R-06 Scavenger collects Sml. Laser. K-01 Serf collects debris. R-06 Scavenger collects Wheel. G-34 Mercenary destroyed. K-01 Serf collects debris. Terrain Scanner destroyed. K-01 Serf collects debris. Aluminum Leg melted. Heat Sink melted. G-34 Mercenary destroyed. K-01 Serf collects debris. Acquired Aluminum Leg. Acquired 10 matter. Critical hit (Burn: +37). Particle Gun destroyed. Lgt. Nuclear Core destroyed. G-47 Trooper destroyed. Map ----- +----------------------------------------------------+ | | | | | ????????????????????????????########???????????? | | ##########????????????????#?# ! #???????????? | | # #??#??????????????#"" #???????????? | | # #?????????????????#"T== #???????????? | | # #?????????##??????#"" ! #???????????? | | # #?????#########???# #?#?????????? | | # """ """ #####??# #???# #???????????? | | # """ """ # #??# """ ########+####??????????? | | # """ """ # ##?# """ # %[ #???????#???? | | # # #??# """ +! %= #???????????? | | #######+### #??# # *#########???????????? | | #??#??! # #???#?#??#??????????? | | ########+## #???????#??#????????? | | #?#??????????????#??? | | +########## ###### #?#????#?#??????????? | | #???? # #?? ###+##+###?#????????????????? | | """# ? ??# # ""# !!%*!###?#?###???????????? | | """#???? + + Y"# """%! #?#???!!##??????????? | | """#?????# # ""# "R%% !#?? ? !#??????????? | | #?????+ #?? # """* #?? #??????????? | | #?????# #?#?## % % = ##? #????????????? | | #####??#####+##########+##### #?#??????????? | | #??# #???# % g #????????????? | | #??# ##### @% T #????????????? | | """ #??# #???# =% ##???????????? | | """ #?## =* #???# =%#### !#????????????? | | """ #??# """"% #??## #???? ##????????????? | | #??# """"= ##??# #?#?? #?????????????? | | #####??#="""" #?#?# a#???????#?#???????????? | | ?#######= #??## #??## ????????????????? | | ?# ###+########### #?#?? ???#????????????? | | ?# % o #???? ???????????????? | | ## #?????????????????????? | | ## T #?#????? ?????????????? | | ## ######## #?????????????????????? | | ## """ #??????# T?????????????????????? | | ## """ #??????# #?????????????????????? | | ## """ #??????# #?????????????????????? | | ## === #??????# ##????????????????????? | | ?# = == #????#?# #?????????????????????? | | ?# = / == #??????# #?????????????????????? | | ## = #??????? ??????????????????????? | | //] #??????? ??????????????????????? | | #??????? ??????????????????????? | | #????????????????????????????????? | | ####+#####%= # #??????????????????????????????? | | # # * ??????????????????????????????? | | # # # #??????????????????????????????? | +----------------------------------------------------+ Best States ------------- Heat Dissipation 25 Energy Generation 14 Energy Capacity 160 Matter Stores 300 Matter Capacity 300 Sight Range 16 Terrain Scan Range 14 Terrain Scan Density 10 Armor Coverage 150 Evasion (%) 55 Recoil Reduction 2 Item Schematics ----------------- None Robot Schematics ------------------ None Fabricated ------------ Nothing Alien Tech Used ----------------- None Achievements -------------- None Challenges ------------ None Game ------ Seed TrackerModifiedRedistributor Manual? 0 Play Time 00:15:44 Cumulative 10.7 hours Start 2024.12.01 @ 23:32:58 End 2024.12.01 @ 23:43:05 Sessions 1 Manual Loads 0 Difficulty Rogue Special Mode None Game No. 14 Rogue 14 Adventurer 0 Explorer 0 Win Type - Total 0 Types 0/0/0/0/0/0/0/0/0 Lore% 6 Gallery% 15 Achievement% 16 Wizard Run 0 Options --------- Layout 1 ASCII 0 Keyboard 0 Movement Mouse Keybinds 0 Fullscreen 2 Font 24/Tamsyn Map View 50x35 Zoom Use 0% Tactical HUD 0 Map Filters NONE Filters NONE Steam 0 RUN: fe9e4d87-3b76-4543-8101-10bb507eb647